 Dungeon Crawl Stone Soup version 0.32-a0-685-g93135e86f0 (webtiles) character file.

Game seed: 4490680457454214050

198 Fodor the Covered (level 5, -12/46 HPs)
             Began as a Minotaur Fighter on Mar 12, 2024.
             Mangled by an ogre
             ... wielding a +0 giant spiked club
              (19 damage)
             ... on level 4 of the Dungeon.
             The game lasted 00:07:10 (2216 turns).

Fodor the Covered (Minotaur Fighter)                Turns: 2216, Time: 00:07:11

Health: -12/46     AC: 13    Str: 22    XL:     5   Next: 47%
Magic:  4/4        EV:  6    Int:  5    God:
Gold:   176        SH:  4    Dex: 10    Spells: 4/4 levels left

rFire   . . .        a - +0 war axe
rCold   . . .        c - +0 buckler
rNeg    . . .        l - +0 plate armour
rPois   .            (helmet restricted)
rElec   .            (no cloak)
rCorr   .            (no gloves)
SInv    .            x - +0 pair of boots
Will    .....        (no amulet) Stlth
                     (no ring)
HPRegen 0.27/turn    (no ring)
MPRegen 0.09/turn

%: no passive effects
@: mighty
A: horns 2, retaliatory headbutt
a: no special abilities


You were on level 4 of the Dungeon.
You visited 1 branch of the dungeon, and saw 4 of its levels.

You collected 176 gold pieces.

Inventory:

Hand Weapons
 a - a +0 war axe (weapon)
Armour
 c - a +0 buckler (worn)
 l - a +0 plate armour (worn)
 x - a +0 pair of boots (worn)
Wands
 r - a wand of paralysis (5)
 s - a wand of digging (4)
 y - a wand of flame (25)
Scrolls
 e - 3 scrolls of identify {unknown}
 i - a scroll of blinking {unknown}
 n - a scroll of summoning {unknown}
 p - a scroll of amnesia {unknown}
 q - a scroll of enchant weapon {unknown}
 t - a scroll of teleportation {unknown}
 u - a scroll of enchant armour {unknown}
 w - a scroll of immolation {unknown}
Potions
 b - 2 potions of enlightenment {unknown}
 d - a potion of might
 f - 4 potions of curing {unknown}
 g - a potion of brilliance {unknown}
 h - a potion of haste {unknown}
 j - a potion of lignification {unknown}
 k - 2 potions of degeneration {unknown}
 m - a potion of attraction {unknown}
 o - a potion of mutation {unknown}
 v - a potion of heal wounds {unknown}


   Skills:
 + Level 4.2 Fighting
 + Level 4.8 Axes
 + Level 5.2 Armour
 + Level 1.0 Dodging
 + Level 4.1 Shields


You had 4 spell levels left.
You didn't know any spells.
Your spell library was empty.

Dungeon Overview and Level Annotations

Branches:
Dungeon (4/15)
 Temple: D:4-7

Altars:

Shops:
D:1 [[*   D:3 [


Innate Abilities, Weirdness & Mutations

You have a pair of horns on your head.
You reflexively headbutt those who attack you in melee.


Message History

There is a stone staircase leading down here.
You climb downwards.
You hear the hiss of flowing sand.
There is an entrance to an ossuary on this level.
Hurry and find it before the portal is buried!
The endoplasm quivers.
The ogre shouts!
The adder hisses angrily.
Found a scroll labelled YMNYAZI KOBBU.
Found a stone staircase leading down.
There is a stone staircase leading up here.
You block the adder's attack.
You miss the adder. You headbutt the adder!
You kill the adder!
You block the endoplasm's attack.
You see here an adder corpse.
The endoplasm attacks as it pursues you!
The endoplasm barely misses you. You block the endoplasm's attack.
Found a worn fluorescent wand.
The endoplasm barely misses you.
The endoplasm hits you but does no damage.
The endoplasm freezes you.
You are frozen.
You barely miss the ogre. You slash the endoplasm!
You kill the endoplasm!
The ogre hits you with a +0 giant spiked club!!
Ouch! That really hurt!
You closely miss the ogre.
The ogre hits you with a +0 giant spiked club.
* * * LOW HITPOINT WARNING * * *
You hit the ogre.
The ogre is lightly wounded.
The ogre hits you with a +0 giant spiked club!
* * * LOW HITPOINT WARNING * * *
You slash the ogre! Your headbutt misses the ogre.
The ogre is moderately wounded.
You barely miss the ogre. You headbutt the ogre.
The ogre is heavily wounded.
The ogre closely misses you.
You feel very mighty all of a sudden.
The ogre hits you with a +0 giant spiked club!!
You die...

#.O># ... ... #.#
#.# #<## #..###
...###.O.#
#.....@.#
########..##/.##
#..............#
##..####..?.....#
#..####..# ..##
.. .... ....
......


You could see an ogre.

Vanquished Creatures
  Natasha (thrice) (D:3)
  Robin (D:3)
  3 adders
  A ribbon worm (D:2)
  3 dart slugs
  An orc (D:3)
  5 ball pythons
  9 endoplasms
  A giant cockroach (D:1)
  15 goblins
  9 hobgoblins
  3 kobolds
  3 quokkas (D:1)
  9 bats
  3 frilled lizards
  5 rats (D:1)
74 creatures vanquished.

Notes
Turn   | Place    | Note
-------+----------+-------------------------------------------
     0 | D:1      | Fodor the Minotaur Fighter began the quest for the Orb.
     0 | D:1      | Reached XP level 1. HP: 19/19 MP: 0/0
    57 | D:1      | Reached XP level 2. HP: 24/27 MP: 1/1
   173 | D:1      | Found Taeca's Distillery.
   193 | D:1      | Found Xyr Boco's Armour Shoppe.
   247 | D:1      | Reached skill level 4 in Armour
   274 | D:1      | Reached XP level 3. HP: 33/33 MP: 2/2
   308 | D:1      | Found Karaoz's Assorted Antiques.
   426 | D:1      | Found Jeoxt's Antique Armour Shoppe.
  1378 | D:2      | Found a faded altar of an unknown god.
  1535 | D:3      | Noticed Natasha
  1544 | D:3      | Killed Natasha
  1545 | D:3      | Reached XP level 4. HP: 34/40 MP: 3/3
  1572 | D:3      | Noticed Robin
  1581 | D:3      | Paralysed by a goblin for 3 turns
  1588 | D:3      | Killed Robin
  1739 | D:3      | Noticed Natasha
  1753 | D:3      | Killed Natasha
  1771 | D:3      | Reached XP level 5. HP: 46/46 MP: 4/4
  1781 | D:3      | Found Abiecru's Antique Armour Boutique.
  2044 | D:3      | Noticed Natasha
  2049 | D:3      | Killed Natasha
  2050 | D:3      | Reached skill level 5 in Armour
  2083 | D:3      | Reached skill level 1 in Dodging
  2201 | D:4      | Noticed an ogre
  2216 | D:4      | Mangled by an ogre

Illustrated notes

Levels and vault maps discovered:
D:1:      mainiacjoe_arrival_reflecting_pool, layout_basic, serial_shops,
          nicolae_shop_window_shopping, shop, shop, shop
D:2:      layout_basic, shapermc_ecumenical_altar_mp_ritualfount
D:3:      layout_loops_ring, serial_shops, shop, minmay_unequal, uniq_natasha,
          uniq_robin
D:4:      layout_rooms, mainiacjoe_overflow_six_doors_small,
          mainiacjoe_overflow_alcove_4, kennysheep_little_box,
          mainiacjoe_overflow_chevrons, gammafunk_ghost_gnarly_gnolls,
          nicolae_ossuary_entry_plus, uniq_crazy_yiuf_cottage

Skill      XL: |  1  2  3  4  5 |
---------------+----------------+-----
Axes           | 3 4 |  4.8
Armour         | 4 5 |  5.2
Fighting       | 4 |  4.2
Shields        | 4 |  4.1
Dodging        | 1 |  1.0

Action                     |  1- 3 |  4- 6 || total
---------------------------+-------+-------++-------
  Melee: War axe           |    85 |    54 ||   139
         Headbutt          |    10 |    12 ||    22
    Use: Potion            |       |     1 ||     1
 Armour: Scale mail        |    45 |       ||    45
         Plate armour      |    60 |    71 ||   131
  Dodge: Dodged            |    48 |    25 ||    73
  Block: Buckler           |    21 |    15 ||    36

Table legend: (Time is in decaauts)
 A = Elapsed time spent in this place.
 B = Non-inter-level travel time spent in this place.
 C = Inter-level travel time spent in this place.
 D = Time resting spent in this place.
 E = Time spent auto-exploring this place.
 F = Levels seen in this place.
 G = Mean time per level.
                   A        B        C        D        E       F      G
               +--------+--------+--------+--------+--------+-----+--------+
         Total |   2271 |   2257 |     14 |      0 |   1596 |   4 |  567.8 |
       Dungeon |   2271 |   2257 |     14 |      0 |   1596 |   4 |  567.8 |
               +--------+--------+--------+--------+--------+-----+--------+

Top non-repeatable levels by time:
     D:1: 780 daAuts
     D:2: 763 daAuts
     D:3: 710 daAuts
     D:4: 16 daAuts
